 Dungeon Crawl Stone Soup version 0.14.1-26-g5a19342 (webtiles) character file.

554 Kae the Cleaver (level 6, -3/51 HPs)
             Began as a Hill Orc Fighter on July 31, 2014.
             Slain by a scorpion (7 damage)
             ... on Level 4 of the Dungeon.
             The game lasted 00:02:44 (3431 turns).

Kae the Cleaver (Hill Orc Fighter)                  Turns: 3431, Time: 00:02:44

HP  -3/51        AC  6     Str 21      XL: 6   Next: 90%
MP   6/6         EV  9     Int  8      God:
Gold 143         SH  0     Dex 10      Spells:  0 memorised,  5 levels left

rFire  . . .     SeeInvis .     r - -2,-1 battleaxe (curse)
rCold  . . .     Clarity  .     b - +0 scale mail
rNeg   . . .     Conserve .     (no shield)
rPois  .         rCorr    .     (no helmet)
rElec  .         rRot     .     (no cloak)
SustAb . .       Spirit   .     (no gloves)
rMut   .         Warding  .     (no boots)
Saprov + . .     Stasis   .     (no amulet)
MR     .....                    (no ring)
                                (no ring)

@: not resistant to hostile enchantments, extremely unstealthy
A: saprovore 1
a: no special abilities


You were on level 4 of the Dungeon.
You were not hungry.

You visited 1 branch of the dungeon, and saw 4 of its levels.

You collected 143 gold pieces.

Inventory:

Hand weapons
 a - a +0,+0 war axe
 r - a cursed -2,-1 battleaxe (weapon)
Armour
 b - a +0 scale mail (worn)
Magical devices
 m - a wand of polymorph (0)
Comestibles
 c - a bread ration
 d - 2 meat rations
 l - a choko
 q - a pear
 z - a rotting chunk of adder flesh
Scrolls
 f - a scroll of blinking {unknown}
 g - 3 scrolls of teleportation {unknown}
 h - 2 scrolls of enchant weapon I {unknown}
 i - a scroll of random uselessness {unknown}
 j - 3 scrolls of amnesia {unknown}
 k - 2 scrolls of fear {unknown}
 n - 5 scrolls of remove curse {unknown}
 p - a scroll of identify {unknown}
 w - a scroll of recharging {unknown}
Jewellery
 t - a +3 ring of dexterity {unknown}
 x - an uncursed ring of see invisible {unknown}
Potions
 e - 2 potions of might
 s - a potion of heal wounds {unknown}
 u - a potion of flight {unknown}


   Skills:
 - Level 3.6 Fighting
 + Level 9.4 Axes
 - Level 3.2 Armour
   Level 3.2 Shields


You had 5 spell levels left.
You didn't know any spells.

Dungeon Overview and Level Annotations

Branches:
Dungeon (4/15)
 Temple: D:4-7

Altars:
Nemelex Xobeh


Innate Abilities, Weirdness & Mutations

You can tolerate rotten meat.


Message History

You feel sick. The scorpion stings you.
* * * LOW HITPOINT WARNING * * *
You are more poisoned.
The scorpion poisons you!
You closely miss the scorpion.
The scorpion is moderately wounded.
* * * LOW HITPOINT WARNING * * *
You feel very sick. The scorpion stings you!
* * * LOW HITPOINT WARNING * * *
The scorpion stings you but does no damage.
Drink which item? (? for menu, Esc to quit)
You feel better. The scorpion stings you.
* * * LOW HITPOINT WARNING * * *
Evoke which item? (* to show all) (? for menu, Esc to quit)
Zapping:
m - a wand of polymorph {zapped: 5}
Press: ? - help, Shift-Dir - straight line, f - scorpion
Aim: a scorpion (moderately wounded) Nothing appears to happen.
The scorpion stings you!
You die...

############ #..........#
###### #..........#
....... ##.......<..#
....... .(.....<....####
.......
<#.............##%..?....
.#..........##..@s..[..!.
.#..........#####....=...
##..........# .......
#..........# ######+
#####.###### #.# #.. ##.
#######+ #.# .


You could see a scorpion.

Vanquished Creatures
  A phantom (D:4)
  Sigmund (D:2)
  A worker ant (D:4)
  An orc wizard (D:4)
  Ijyb (D:2)
  Jessica (D:2)
  5 adders
  3 gnolls (D:3)
  2 worms
  10 orcs
  8 hobgoblins
  4 jackals
  2 quokkas
  A ball python (D:1)
  7 bats
  3 giant cockroaches
  3 giant geckos
  6 giant newts
  8 goblins
  6 kobolds
  5 rats
79 creatures vanquished.

Notes
Turn   | Place    | Note
--------------------------------------------------------------
     0 | D:1      | Kae, the Hill Orc Fighter, began the quest for the Orb.
     0 | D:1      | Reached XP level 1. HP: 19/19 MP: 1/1
   175 | D:1      | Reached XP level 2. HP: 24/26 MP: 2/2
   213 | D:1      | Reached skill level 4 in Axes
   404 | D:1      | Reached XP level 3. HP: 31/31 MP: 3/3
   660 | D:1      | HP: 1/31 [poisoned by an adder]
   947 | D:1      | Reached skill level 5 in Axes
  1036 | D:2      | Noticed Sigmund
  1049 | D:2      | Killed Sigmund
  1049 | D:2      | Reached skill level 6 in Axes
  1049 | D:2      | Reached XP level 4. HP: 12/39 MP: 4/4
  1049 | D:2      | Reached XP level 5. HP: 13/45 MP: 5/5
  1280 | D:2      | Noticed Ijyb
  1304 | D:2      | Killed Ijyb
  1410 | D:2      | Reached skill level 7 in Axes
  1629 | D:2      | Noticed Jessica
  1658 | D:2      | Killed Jessica
  2173 | D:3      | Reached skill level 8 in Axes
  2173 | D:3      | Reached XP level 6. HP: 6/51 MP: 6/6
  2412 | D:3      | Found a sparkling altar of Nemelex Xobeh.
  3365 | D:4      | Reached skill level 9 in Axes
  3429 | D:4      | HP: 2/51 [scorpion (7)]
  3431 | D:4      | Slain by a scorpion

Action                   |  1- 3 |  4- 6 || total
-------------------------+-------+-------++-------
Melee: War axe           |   101 |    73 ||   174
       Unarmed           |       |    18 ||    18
       Battleaxe         |       |   106 ||   106
  Use: Potion            |     1 |     2 ||     3
